 Dungeon Crawl Stone Soup version 0.27-a0-40-g5f2be0e231 (webtiles) character file.

Game seed: 4453276266229925113

9683 kae the Brawler (level 11, -13/84 HPs)
             Began as a Ghoul Gladiator on Jan 5, 2021.
             Killed from afar by a gargoyle (23 damage)
             ... with a stone arrow
             ... on level 11 of the Dungeon.
             The game lasted 00:07:34 (9683 turns).

kae the Brawler (Ghoul Gladiator)                   Turns: 9683, Time: 00:07:34

Health: -13/84     AC: 24    Str: 21    XL:     11   Next: 50%
Magic:  1/1        EV:  7    Int:  4    God:
Gold:   614        SH:  0    Dex: 10    Spells: 10/10 levels left

rFire    . . .     SeeInvis .     - Unarmed
rCold    + . .     Faith    .   (no shield)
rNeg     + + +     Spirit   .   n - +10 plate armour of Hysteria {rPois Regen+ MP-9}
rPois    ∞         Reflect  .   b - +2 helmet
rElec    .         Harm     .   (no cloak)
rCorr    +         Rampage  .   (no gloves)
Will     .....                  (no boots)
Stlth    ..........             (no amulet)
HPRegen  0.00/turn              l - ring of resist corrosion
MPRegen  0.07/turn              (no ring)

@: no status effects
A: claws 1, cold resistance 1, negative energy resistance 3, inhibited
regeneration, torment resistance, unbreathing
a: no special abilities


You were on level 11 of the Dungeon.
You visited 1 branch of the dungeon, and saw 11 of its levels.
You also visited: Sewer.

You collected 614 gold pieces.

Inventory:

Missiles
 c - 3 throwing nets (quivered)
Armour
 b - a +2 helmet (worn)
 n - the +10 plate armour of Hysteria (worn) {rPois Regen+ MP-9}
   (You found it on level 4 of the Dungeon)

   It protects you from poison.
   It affects your magic capacity (-9).
   It increases your rate of regeneration.
Jewellery
 l - a ring of resist corrosion (left claw)
 q - the ring of Qosoxazu {Ice rElec Str+3 Dex-5 Slay+2}
   (You found it on level 4 of the Dungeon)

   [ring of ice]

   It enhances your ice magic.
   It affects your strength (+3).
   It affects your dexterity (-5).
   It affects your accuracy and damage with ranged weapons and melee attacks
   (+2).
   It makes you vulnerable to fire.
   It protects you from cold.
   It insulates you from electricity.
 A - an uncursed amulet of reflection {unknown}
Wands
 r - a wand of iceblast (20)
 w - a wand of acid (10)
 x - a wand of flame (33)
 y - a wand of polymorph (6)
 z - a wand of enslavement (17)
Scrolls
 f - 5 scrolls of remove curse
 g - 3 scrolls of fog
 j - 5 scrolls of identify
 p - 8 scrolls of teleportation
 s - 2 scrolls of enchant weapon
 B - 2 scrolls of amnesia
Potions
 d - a potion of haste {unknown}
 e - 3 potions of might
 h - 2 potions of invisibility {unknown}
 i - 2 potions of attraction
 k - 2 potions of heal wounds
 m - 4 potions of curing
 o - 2 potions of flight
 t - a potion of cancellation {unknown}
 u - a potion of degeneration {unknown}
 v - a potion of brilliance {unknown}


   Skills:
 - Level 4.0 Fighting
 - Level 1.7 Throwing
 - Level 3.0 Armour
 - Level 4.0 Dodging
 * Level 17.2 Unarmed Combat


You had 10 spell levels left.
You didn't know any spells.
Your spell library contained the following spells:

 Spells                   Type           Power        Failure   Level
 Freeze                   Ice            0%           100%        1
 Ensorcelled Hibernation  Hex/Ice        0%           100%        2
 Frozen Ramparts          Ice            0%           100%        3
 Summon Ice Beast         Ice/Summ       0%           100%        4
 Ozocubu's Refrigeration  Ice            0%           100%        6


Dungeon Overview and Level Annotations

Branches:
Dungeon (11/15)            Temple (0/1) D:7             Orc (0/2) D:10
  Sewer (visited)
   Lair: D:8-11

Altars:
Ashenzari
Fedhas
Nemelex Xobeh
Trog
Xom
Yredelemnul
Zin
The Shining One
Beogh

Shops:
D:5 [   D:7 [

Annotations:
D:7 2 transporters, emiel's ghost, novice TrDe
D:8 2 transporters, ThreePointFourteen's ghost, novice DsGl


Innate Abilities, Weirdness & Mutations

You thrive by killing the living.
You are immune to poison.
You have sharp fingernails.
Your flesh is cold resistant. (rC+)
You are immune to negative energy. (rN+++)
You do not regenerate when monsters are visible.
You are immune to unholy pain and torment.
You can survive without breathing.


Message History

You completely miss the gargoyle.
The gargoyle is almost destroyed.
The gargoyle hurls a stone arrow at you.
The stone arrow hits you but does no damage.
You scratch the gargoyle but do no damage.
The gargoyle is almost destroyed.
The gargoyle hits you but does no damage.
You scratch the gargoyle but do no damage.
The gargoyle is almost destroyed.
You barely miss the gargoyle.
The gargoyle is almost destroyed.
The gargoyle hits you with a +0 morningstar of draining!
* * * LOW HITPOINT WARNING * * *
You completely miss the gargoyle.
The gargoyle is almost destroyed.
You scratch the gargoyle but do no damage.
The gargoyle is almost destroyed.
The gargoyle hurls a stone arrow at you.
The stone arrow hits you!!
You die...

##'#<##.#.! ..
#.####.#.###.####
###.####.#†##.....
#........#.##..##
#.#.........)...#.###
#........#...........
########.#.##.#.#.#$(
#.#.##.# .. #.#(##@#
.# #.#.##9# #
#....... ###.###.# .(
.## .# .#


You could see a gargoyle.

Vanquished Creatures
  Gastronok (D:10)
  A two-headed ogre (D:11)
  Joseph (D:10)
  Psyche (D:8)
  2 trolls
  A wyvern (D:8)
  3 yaks (D:10)
  A water moccasin (D:10)
  Purgy (Sewer)
  2 ice beasts
  7 orc warriors
  4 sky beasts
  A black bear (D:9)
  2 phantoms
  A necrophage (D:8)
  3 ogres
  4 centaurs
  7 bullfrogs
  A wyvern skeleton (D:8)
  3 scorpions
  9 killer bees
  11 wights
  3 howler monkeys
  2 quasits
  A bullfrog zombie (D:6)
  9 hounds
  12 orc priests
  6 iguanas
  9 orc wizards
  2 bullfrog skeletons
  A centaur skeleton (D:5)
  Natasha (twice) (D:4)
  9 worker ants
  A hound skeleton (D:6)
  6 gnolls
  16 adders
  A river rat (D:4)
  2 shadow imps
  2 white imps
  An ooze (D:5)
  3 adder skeletons
  An adder zombie (D:5)
  A worm (D:3)
  A dart slug (D:3)
  4 leopard geckos
  45 orcs
  4 bats
  8 giant cockroaches
  8 goblins
  5 hobgoblins
  17 jackals
  3 quokkas
  3 ball pythons
  10 frilled lizards
  11 kobolds
  A quokka skeleton (D:6)
  A quokka zombie (D:10)
  8 rats
286 creatures vanquished.

Vanquished Creatures (others)
  An orc wizard (D:10)
1 creature vanquished.

Grand Total: 287 creatures vanquished

Notes
Turn   | Place    | Note
-------+----------+-------------------------------------------
     0 | D:1      | kae the Ghoul Gladiator began the quest for the Orb.
     0 | D:1      | Reached XP level 1. HP: 17/17 MP: 0/0
   256 | D:1      | Reached XP level 2. HP: 4/25 MP: 1/1
   720 | D:1      | Reached XP level 3. HP: 30/30 MP: 2/2
  1257 | D:2      | Reached skill level 4 in Unarmed Combat
  1307 | D:2      | Reached skill level 1 in Armour
  1431 | D:2      | Reached XP level 4. HP: 19/37 MP: 3/3
  2285 | D:3      | Reached XP level 5. HP: 45/45 MP: 4/4
  2881 | D:3      | Reached skill level 5 in Unarmed Combat
  3189 | D:4      | Reached XP level 6. HP: 32/51 MP: 5/5
  3563 | D:4      | Found a glowing silver altar of Zin.
  3672 | D:4      | Found a glowing drain.
  3694 | D:4      | Got a twisted plate armour
  3704 | Sewer    | Entered a sewer
  3799 | Sewer    | Identified the +10 plate armour of Hysteria {rPois Regen+
                  | MP-9} (You found it on level 4 of the Dungeon)
  3837 | Sewer    | Noticed Purgy
  3853 | Sewer    | Killed Purgy
  3854 | Sewer    | Reached skill level 6 in Unarmed Combat
  3854 | Sewer    | Reached XP level 7. HP: 58/59 MP: 0/6
  4117 | D:4      | Got a glittering brass ring
  4434 | D:4      | Noticed Natasha
  4443 | D:4      | Killed Natasha
  4449 | D:4      | Noticed Natasha
  4459 | D:4      | Killed Natasha
  4460 | D:4      | Reached skill level 7 in Unarmed Combat
  4547 | D:5      | Entered Level 5 of the Dungeon
  4763 | D:5      | Found Ateit's Armour Emporium.
  4814 | D:5      | Reached skill level 8 in Unarmed Combat
  4814 | D:5      | Reached XP level 8. HP: 47/66 MP: 0/7
  5307 | D:5      | Found a shimmering altar of Xom.
  5308 | D:5      | Found a basalt altar of Yredelemnul.
  5404 | D:6      | Reached skill level 9 in Unarmed Combat
  5658 | D:6      | Reached skill level 10 in Unarmed Combat
  5905 | D:6      | Reached XP level 9. HP: 44/71 MP: 0/8
  5967 | D:6      | Reached skill level 11 in Unarmed Combat
  6221 | D:6      | Identified the ring of Qosoxazu {Ice rElec Str+3 Dex-5
                  | Slay+2} (You found it on level 4 of the Dungeon)
  6344 | D:7      | Found a staircase to the Ecumenical Temple.
  6385 | D:7      | Found a roughly hewn altar of Beogh.
  6527 | D:7      | Found Soic's Armour Emporium.
  6541 | D:7      | Reached skill level 12 in Unarmed Combat
  6624 | D:7      | Found a transporter.
  6625 | D:7      | Found a bloodstained altar of Trog.
  6626 | D:7      | Noticed emiel's ghost (novice TrDe)
  6694 | D:7      | Noticed a troll
  6694 | D:7      | Noticed a moth of wrath
  6708 | D:7      | Found a transporter.
  7182 | D:8      | Reached skill level 13 in Unarmed Combat
  7242 | D:8      | Noticed ThreePointFourteen's ghost (novice DsGl)
  7243 | D:8      | Found a transporter.
  7244 | D:8      | Identified the +3 dire flail of the Onslaught {chaos, rC+
                  | Will+++ Dex-2 SInv}
  7244 | D:8      | Noticed a two-headed ogre
  7247 | D:8      | Found a transporter.
  7279 | D:8      | Reached XP level 10. HP: 78/78 MP: 0/9
  7746 | D:8      | Reached skill level 14 in Unarmed Combat
  7823 | D:8      | Found a blossoming altar of Fedhas.
  7968 | D:8      | Noticed Psyche
  7983 | D:8      | Killed Psyche
  8207 | D:9      | Found a broken altar of Ashenzari.
  8252 | D:9      | Found a glowing golden altar of the Shining One.
  8346 | D:9      | Identified Sif Muna's Grimoire of the Frostbite
  8530 | D:10     | Entered Level 10 of the Dungeon
  8594 | D:10     | Noticed Joseph
  8609 | D:10     | Killed Joseph
  8610 | D:10     | Reached skill level 15 in Unarmed Combat
  8895 | D:10     | Found a sparkling altar of Nemelex Xobeh.
  9046 | D:10     | Reached XP level 11. HP: 64/84 MP: 1/10
  9095 | D:10     | Reached skill level 16 in Unarmed Combat
  9217 | D:10     | Found a staircase to the Orcish Mines.
  9359 | D:10     | Noticed Gastronok
  9376 | D:10     | Killed Gastronok
  9635 | D:11     | Noticed a two-headed ogre
  9640 | D:11     | Reached skill level 17 in Unarmed Combat
  9645 | D:11     | Killed a two-headed ogre
  9683 | D:11     | Killed from afar by a gargoyle

Illustrated notes

Levels and vault maps discovered:
D:1:      minmay_arrival_arboretum_small, layout_basic, serial_park_tiny_2,
          chequers_serial_rivers_micro_a, minmay_misc_feat_secret_circle,
          nrook_loot_triangle, palyth_stone_intersect
D:2:      layout_basic, roderic_lattice_a
D:3:      layout_rooms, grunt_decor_arrowhead, minivault_24
D:4:      layout_basic, old_standard_altar, portal_sewer_entry_a, st_stairs_6,
          hangedman_decor_peaks_small, minmay_between, uniq_natasha
D:5:      layout_cave_pods, gammafunk_temple_overflow_statue, serial_shops,
          nicolae_shop_statue_plus, serial_column_ruins, column_ruins_open_tiny,
          column_ruins_grid_1, column_ruins_open_tiny,
          column_ruins_columns_dead_end, column_ruins_grid_1,
          column_ruins_corridor_corner, grunt_decor_junction,
          due_unseen_surprise
D:6:      layout_basic, minivault_24
D:7:      layout_loops_ring, minmay_temple_entry_grid, serial_shops, shop,
          gammafunk_ghost_wrathful_warriors, minmay_misc_feat_nine_boxes,
          roderic_filled_cross, david_defended_altar_orc
D:8:      layout_basic, lemuel_round_altar, gammafunk_ghost_smash, uniq_psyche
D:9:      layout_cave_pools, cheibrodos_ashenzari_chains, lemuel_doored_altar
D:10:     layout_irregular_city, david_orc_4, nemelex_xobeh_ov_fountains_minmay,
          uniq_gastronok, uniq_joseph
D:11:     layout_basic, lair_entry_dummy, minmay_misc_feat_five

Skill      XL: |  1  2  3  4  5  6  7  8  9 10 11 |
---------------+----------------------------------+-----
Dodging        | 3 4 |  4.0
Unarmed Combat | 4 5 6 8 10 13 15 17 | 17.2
Armour         | 1 2 3 |  3.0
Fighting       | 3 4 |  4.0
Throwing       | |  1.7

Action                   |  1- 3 |  4- 6 |  7- 9 | 10-12 || total
-------------------------+-------+-------+-------+-------++-------
Melee: Unarmed           |   148 |   202 |   426 |   310 ||  1086
       Punch             |       |     3 |     5 |    10 ||    18
  Use: Scroll            |     4 |     7 |    10 |     2 ||    23
       Potion            |       |     1 |       |     1 ||     2
Armor: Leather armour    |    37 |    57 |       |       ||    94
       Plate armour      |       |    41 |   281 |   193 ||   515
Dodge: Dodged            |    82 |   148 |   112 |    64 ||   406

Table legend: (Time is in decaauts)
 A = Elapsed time spent in this place.
 B = Non-inter-level travel time spent in this place.
 C = Inter-level travel time spent in this place.
 D = Time resting spent in this place.
 E = Time spent auto-exploring this place.
 F = Levels seen in this place.
 G = Mean time per level.
                   A        B        C        D        E       F      G
               +--------+--------+--------+--------+--------+-----+--------+
         Total |   9548 |   9335 |    213 |    731 |   6832 |  12 |  795.7 |
       Dungeon |   9225 |   9012 |    213 |    667 |   6715 |  11 |  838.6 |
         Sewer |    323 |    323 |      0 |     64 |    117 |   1 |  323.0 |
               +--------+--------+--------+--------+--------+-----+--------+

Top non-repeatable levels by time:
     D:1: 1208 daAuts
     D:4: 1081 daAuts
     D:8: 1075 daAuts
     D:3: 996 daAuts
    D:10: 986 daAuts
     D:2: 959 daAuts
     D:5: 912 daAuts
     D:6: 736 daAuts
     D:7: 699 daAuts
     D:9: 461 daAuts
   Sewer: 323 daAuts
    D:11: 108 daAuts
